[Event "2nd Gujarat Open 2019"]
[Site "Ahmedabad, Gujarat"]
[Date "2019.09.26"]
[Round "7.4"]
[White "Das, Sayantan"]
[Black "Eraschenkov, Denis"]
[Result "1/2-1/2"]
[ECO "C42"]
[WhiteElo "2434"]
[BlackElo "2390"]
[Annotator "NA"]
[PlyCount "120"]
[EventDate "2019.09.22"]
[EventType "swiss"]
[EventCountry "IND"]
[SourceTitle "playchess.com"]
[Source "ChessBase"]
[SourceQuality "1"]
[TimeControl "5400+30"]

1. e4 e5 2. Nf3 Nf6 3. Nxe5 d6 4. Nf3 Nxe4 5. Nc3 Nxc3 6. dxc3 Be7 7. Be3 Nc6 8. Qd2 O-O 9. h3 Be6 10. Be2 Ne5 11. Nd4 Bc4 12. O-O-O Bxa2 13. b3 a5 14. Kb2 a4 15. Ra1 axb3 16. cxb3 c5 17. Nf5 Bf6 18. Rxa2 Rxa2+ 19. Kxa2 Qa5+ 20. Kb2 Ra8 21. Rb1 Nc6 22. Kc2 d5 23. Rc1 d4 24. cxd4 cxd4 25. Qxa5 Rxa5 26. Nxd4 Bxd4 27. Bxd4 Nxd4+ 28. Kb2 Kf8 29. Rc8+ Ke7 30. Bd3 Ne6 31. Bc4 Nd8 32. Bd3 h5 33. Be4 Kd7 34. Rc4 Nc6 35. f4 Kd6 36. g4 hxg4 37. hxg4 g5 38. Bf5 gxf4 39. Rxf4 Rd5 40. Bc2 Ke7 41. Kc3 Rc5+ 42. Kd2 f6 43. Re4+ Kd6 44. Rf4 Ke7 45. b4 Rd5+ 46. Kc3 Ne5 47. Bf5 b6 48. Rf1 Rd6 49. Rh1 Rc6+ 50. Kb3 Rc4 51. Rh7+ Kd8 52. Rb7 Rf4 53. Rxb6 Nxg4 54. Bxg4 Rxg4 55. Rxf6 Kc7 56. Ka4 Kb7 57. Ka5 Rg5+ 58. b5 Rg7 59. Rf5 Rh7 60. Rc5 Rg7 1/2-1/2

[Event "2nd Gujarat Open 2019"]
[Site "Ahmedabad, Gujarat"]
[Date "2019.09.26"]
[Round "7.5"]
[White "Bharat Kumar Reddy Poluri"]
[Black "Himanshu, Sharma"]
[Result "0-1"]
[ECO "B83"]
[WhiteElo "2304"]
[BlackElo "2408"]
[Annotator "NA"]
[PlyCount "74"]
[EventDate "2019.09.22"]
[EventType "swiss"]
[EventCountry "IND"]
[SourceTitle "playchess.com"]
[Source "ChessBase"]
[SourceQuality "1"]
[TimeControl "5400+30"]

1. e4 c5 2. Nf3 e6 3. d4 cxd4 4. Nxd4 Nf6 5. Nc3 d6 6. Be2 Nc6 7. Nb3 a6 8. a4 b6 9. O-O Be7 10. f4 Qc7 11. Bf3 Rb8 12. Be3 O-O 13. g4 Re8 14. g5 Nd7 15. Kh1 Bf8 16. Qd2 Na5 17. Nxa5 bxa5 18. Ra2 Rb4 19. Ne2 Bb7 20. Ng3 Nc5 21. Qg2 g6 22. b3 e5 23. f5 d5 24. exd5 e4 25. Be2 Bxd5 26. Raa1 Nd7 27. Rad1 Bb7 28. fxg6 hxg6 29. Bc4 Rxc4 30. bxc4 Ne5 31. Qe2 Nxc4 32. Bd4 e3+ 33. Kg1 Bd6 34. Rf3 Bxf3 35. Qxf3 Nd2 36. Qe2 Bxg3 37. Rxd2 Bf2+ 0-1

[Event "2nd Gujarat Open 2019"]
[Site "Ahmedabad, Gujarat"]
[Date "2019.09.26"]
[Round "7.6"]
[White "Manush Shah"]
[Black "Rahman, Ziaur"]
[Result "1-0"]
[ECO "E67"]
[WhiteElo "2352"]
[BlackElo "2492"]
[Annotator "ChessBase"]
[PlyCount "55"]
[EventDate "2019.09.22"]
[EventType "swiss"]
[EventCountry "IND"]
[SourceTitle "playchess.com"]
[Source "ChessBase"]
[SourceQuality "1"]
[TimeControl "5400+30"]

1. d4 Nf6 2. Nf3 g6 3. c4 Bg7 4. g3 O-O 5. Bg2 d6 6. Nc3 Nbd7 7. O-O e5 8. dxe5 dxe5 9. Qb3 c6 10. Rd1 Qe7 11. Ng5 a5 12. Nge4 Qb4 13. Bd2 Qxb3 14. axb3 Nxe4 15. Nxe4 f5 16. Ng5 Nc5 17. Bb4 axb4 18. Rxa8 e4 19. f3 Bxb2 20. fxe4 Bf6 21. Nf3 fxe4 22. Nd2 Bc3 23. Nxe4 Nxb3 24. Rf1 Rd8 25. Bh3 Bxh3 26. Rxd8+ Kg7 27. Rb1 Bd4+ 28. Nf2 1-0

[Event "2nd Gujarat Open 2019"]
[Site "Ahmedabad, Gujarat"]
[Date "2019.09.26"]
[Round "7.7"]
[White "Deepan Chakkravarthy J."]
[Black "Sidhant, Mohapatra"]
[Result "1/2-1/2"]
[ECO "B90"]
[WhiteElo "2539"]
[BlackElo "2357"]
[Annotator "ChessBase"]
[PlyCount "78"]
[EventDate "2019.09.22"]
[EventType "swiss"]
[EventCountry "IND"]
[SourceTitle "playchess.com"]
[Source "ChessBase"]
[SourceQuality "1"]
[TimeControl "5400+30"]

1. e4 c5 2. Nf3 d6 3. d4 cxd4 4. Nxd4 Nf6 5. Nc3 a6 6. a4 e5 7. Nde2 Be7 8. g3 O-O 9. Bg2 Be6 10. O-O Nbd7 11. h3 Rc8 12. Be3 Qc7 13. a5 Rfe8 14. Qd2 Bc4 15. Rfc1 Qc6 16. g4 Bxe2 17. Qxe2 Nc5 18. g5 Nfd7 19. Nd5 Bd8 20. b4 Ne6 21. c4 Ndf8 22. Qg4 Qd7 23. h4 Rc6 24. Kh2 Ng6 25. Bh3 Qc8 26. h5 Ngf8 27. c5 dxc5 28. Bxc5 Nd7 29. Be3 g6 30. Rd1 Be7 31. hxg6 hxg6 32. Qh4 Bf8 33. Kg2 Rd6 34. Nf6+ Nxf6 35. gxf6 Rxd1 36. Rxd1 Qc2 37. Re1 Nf4+ 38. Bxf4 exf4 39. Bf5 Qc3 1/2-1/2

[Event "2nd Gujarat Open 2019"]
[Site "Ahmedabad, Gujarat"]
[Date "2019.09.26"]
[Round "7.8"]
[White "Pranav Vijay"]
[Black "Nguyen, Van Huy"]
[Result "0-1"]
[ECO "B12"]
[WhiteElo "2265"]
[BlackElo "2454"]
[Annotator "ChessBase"]
[PlyCount "182"]
[EventDate "2019.09.22"]
[EventType "swiss"]
[EventCountry "IND"]
[SourceTitle "playchess.com"]
[Source "ChessBase"]
[SourceQuality "1"]
[TimeControl "5400+30"]

1. e4 c6 2. d4 d5 3. e5 Bf5 4. Nf3 e6 5. Be2 Bb4+ 6. Nbd2 Nd7 7. O-O Ba5 8. Nb3 Bc7 9. Ne1 Ne7 10. f4 O-O 11. Nd3 Bb6 12. Be3 f6 13. exf6 Rxf6 14. Bf3 Qc7 15. a4 a6 16. Qd2 Bxd3 17. cxd3 Raf8 18. Rae1 Qb8 19. g3 Bc7 20. Bg2 Nf5 21. Bf2 h5 22. Qe2 Rh6 23. Bh3 Rff6 24. Nd2 Bb6 25. Nf3 Qa7 26. Bxf5 Rxf5 27. Be3 Rf8 28. Kg2 Rhf6 29. Ng5 g6 30. Bg1 Ba5 31. Rb1 Qb8 32. f5 exf5 33. Qe7 R8f7 34. Nxf7 Rxf7 35. Qg5 Nf8 36. b4 Bd8 37. Qd2 Bf6 38. Rfe1 Qd6 39. Qe3 Re7 40. Qd2 Rxe1 41. Rxe1 Ne6 42. Bf2 Kf7 43. Qe3 Qd7 44. Qc1 Nxd4 45. Bxd4 Bxd4 46. Qf4 Bf6 47. d4 Be7 48. Rb1 Qe6 49. Kf2 Qe4 50. Qxe4 dxe4 51. b5 axb5 52. axb5 c5 53. dxc5 Bxc5+ 54. Ke2 g5 55. Rc1 Bd6 56. Rc8 h4 57. gxh4 gxh4 58. Rh8 f4 59. Rxh4 Kg6 60. Rh3 Bc5 61. Rc3 f3+ 62. Kf1 Bb6 63. Rc8 e3 64. Re8 Kf5 65. Re7 Bc5 66. Re8 b6 67. Ke1 Kg4 68. Rg8+ Kf4 69. Re8 Kf5 70. Kf1 Kg4 71. Rg8+ Kf4 72. Re8 Bd4 73. Ke1 Be5 74. Kf1 Ke4 75. Ke1 Kd4 76. Rf8 Ke4 77. Re8 Kf5 78. Kf1 Bd4 79. Ke1 e2 80. Re7 Bf6 81. Re8 Bh4+ 82. Kd2 Kg4 83. h3+ Kxh3 84. Re3 e1=Q+ 85. Rxe1 Bxe1+ 86. Ke3 f2 87. Ke2 Kg2 88. Kd1 f1=Q 89. Kc2 Qc4+ 90. Kd1 Kf3 91. Kxe1 Qc1# 0-1

[Event "2nd Gujarat Open 2019"]
[Site "Ahmedabad, Gujarat"]
[Date "2019.09.26"]
[Round "7.9"]
[White "Neelotpal, Das"]
[Black "Neelash Saha"]
[Result "0-1"]
[ECO "B12"]
[WhiteElo "2433"]
[BlackElo "2334"]
[Annotator "NA"]
[PlyCount "164"]
[EventDate "2019.09.22"]
[EventType "swiss"]
[EventCountry "IND"]
[SourceTitle "playchess.com"]
[Source "ChessBase"]
[SourceQuality "1"]
[TimeControl "5400+30"]

1. e4 c6 2. d4 d5 3. e5 Bf5 4. Nf3 e6 5. Be2 Ne7 6. Nbd2 c5 7. dxc5 Nec6 8. a3 Bxc5 9. O-O Nd7 10. Bb5 O-O 11. Bxc6 bxc6 12. b4 Bb6 13. Bb2 c5 14. Re1 a5 15. b5 a4 16. c4 Ba5 17. Qe2 Nb6 18. cxd5 exd5 19. Rac1 Qe7 20. Red1 Rfc8 21. Nf1 Be6 22. Bc3 Bxc3 23. Rxc3 d4 24. Rcc1 Bb3 25. Re1 Rd8 26. Ng3 d3 27. Qd2 Nc4 28. Nf5 Qf8 29. Qf4 d2 30. Nxd2 Nxd2 31. Nd6 f6 32. Re2 fxe5 33. Qxf8+ Kxf8 34. Rxd2 c4 35. b6 Rab8 36. f3 Rxb6 37. Nxc4 Rc8 38. Nxb6 Rxc1+ 39. Kf2 Ra1 40. Nd7+ Ke8 41. Nc5 Rxa3 42. Re2 Kf7 43. Rxe5 Bc2 44. Kg3 h6 45. h4 Rc3 46. Ne4 Rb3 47. Kf4 a3 48. Ra5 Bb1 49. Ra7+ Kg8 50. g4 a2 51. g5 hxg5+ 52. hxg5 Kh7 53. Ra6 Rb6 54. Ra7 Rc6 55. Ke3 Kg6 56. Kd4 Rc1 57. Nc3 Rc2 58. Ne4 Rc7 59. Ra5 Rd7+ 60. Ke3 Rd1 61. Nd2 Kh5 62. Ra7 Rg1 63. f4 Kg4 64. Kd4 Kxf4 65. Kc3 Rc1+ 66. Kb3 Rc7 67. Ra5 Rb7+ 68. Kc3 Rb5 69. Ra7 g6 70. Nb3 Kxg5 71. Kb2 Bf5 72. Ra5 Rxa5 73. Nxa5 Be6 74. Nc6 Kf4 75. Nd4 Bc4 76. Nc2 g5 77. Ne1 Ke3 78. Nc2+ Ke4 79. Ne1 g4 80. Ng2 g3 81. Ka1 Bd5 82. Kb2 Kf3 0-1

[Event "2nd Gujarat Open 2019"]
[Site "Ahmedabad, Gujarat"]
[Date "2019.09.26"]
[Round "7.10"]
[White "Lugovskoy, Maxim"]
[Black "Shailesh, Dravid"]
[Result "1-0"]
[ECO "B01"]
[WhiteElo "2422"]
[BlackElo "2299"]
[Annotator "NA"]
[PlyCount "88"]
[EventDate "2019.09.22"]
[EventType "swiss"]
[EventCountry "IND"]
[SourceTitle "playchess.com"]
[Source "ChessBase"]
[SourceQuality "1"]
[TimeControl "5400+30"]

1. e4 d5 2. exd5 Nf6 3. d4 Bg4 4. f3 Bf5 5. c4 e6 6. dxe6 Nc6 7. Bd3 Bb4+ 8. Nc3 Bxd3 9. Qxd3 Nxd4 10. exf7+ Kxf7 11. Be3 Re8 12. O-O-O c5 13. Nh3 Qa5 14. Ng5+ Kf8 15. Rhe1 Bxc3 16. bxc3 Nc6 17. Qc2 Ne5 18. Qb3 h6 19. Nh3 Re6 20. Nf4 Rb6 21. Bxc5+ Qxc5 22. Rxe5 Rxb3 23. Rxc5 Rxc3+ 24. Kb2 Re3 25. Rc7 b6 26. Rd2 Kg8 27. Ne2 Rae8 28. Nd4 R3e7 29. Rxe7 Rxe7 30. Nf5 Rc7 31. Rd4 Nd7 32. Ne7+ Kf7 33. Nd5 Rc8 34. Nc3 Ne5 35. Nb5 Rc5 36. Na3 Ke6 37. Re4 Kf6 38. Kb3 g6 39. Rf4+ Ke7 40. Nc2 Nc6 41. Ne3 Ke6 42. Re4+ Kf7 43. Rf4+ {[%emt 0:05:47] a6 Re4 b5 f4 bxc4+ g4 Rd5+ Nxc4 Rd1 Kc3 Rh1 h4} Kg7 {[%emt 0:00:00] Nd6 Nd8 Re8 Nc6 f5} 44. Rh4 {[%emt 0:03:43] Re6 Rh3+ Kd2} Nd4+ {[%emt 0:00:00] f6+ Kh7 Re7+ Kg8 Re8+ Kh7 f7} 1-0

[Event "2nd Gujarat Open 2019"]
[Site "Ahmedabad, Gujarat"]
[Date "2019.09.26"]
[Round "7.11"]
[White "Sahoo, Utkal Ranjan"]
[Black "Murshed, Niaz"]
[Result "1-0"]
[ECO "A40"]
[WhiteElo "2329"]
[BlackElo "2405"]
[Annotator "NA"]
[PlyCount "83"]
[EventDate "2019.09.22"]
[EventType "swiss"]
[EventCountry "IND"]
[SourceTitle "playchess.com"]
[Source "ChessBase"]
[SourceQuality "1"]
[TimeControl "5400+30"]

1. d4 g6 2. Nf3 Bg7 3. c3 Nf6 4. Bg5 h6 5. Bh4 d6 6. Nbd2 g5 7. Bg3 Bf5 8. e3 Nbd7 9. Bc4 e6 10. Bb3 Qe7 11. Bc2 Bxc2 12. Qxc2 Nh5 13. O-O-O O-O-O 14. e4 Kb8 15. Kb1 Nb6 16. Nb3 Qd7 17. Qe2 f5 18. Nfd2 Qf7 19. f3 Rhf8 20. Nc1 Qg6 21. Nd3 fxe4 22. Qxe4 Qf7 23. Rhe1 Rde8 24. Qe2 Nd5 25. Ne4 Qg6 26. c4 Ne7 27. Bf2 b6 28. Qc2 Nf4 29. c5 d5 30. cxb6 axb6 31. Nc3 Nxd3 32. Rxd3 Nc6 33. Nb5 Re7 34. a3 Na7 35. Nc3 Rfe8 36. Bg3 Kb7 37. Rc1 Qf5 38. Ka1 Rc8 39. Na4 c6 40. Nxb6 Kxb6 41. Rb3+ Ka6 42. Qe2+ 1-0

[Event "2nd Gujarat Open 2019"]
[Site "Ahmedabad, Gujarat"]
[Date "2019.09.26"]
[Round "7.14"]
[White "Thanki, Hemal Karsanji"]
[Black "Abu Sufian, Shakil"]
[Result "0-1"]
[ECO "A06"]
[WhiteElo "2098"]
[BlackElo "2255"]
[Annotator "NA"]
[PlyCount "132"]
[EventDate "2019.09.22"]
[EventType "swiss"]
[EventCountry "IND"]
[SourceTitle "playchess.com"]
[Source "ChessBase"]
[SourceQuality "1"]
[TimeControl "5400+30"]

1. g3 d5 2. Nf3 Bg4 3. Bg2 c6 4. c4 e6 5. Ne5 Bf5 6. cxd5 exd5 7. Qb3 Nd7 8. d4 Qb6 9. Qe3 Be7 10. Nc3 Ngf6 11. O-O Nxe5 12. Qxe5 Be6 13. Na4 Qa5 14. b3 O-O 15. Rd1 Rfe8 16. Bd2 Qd8 17. Bf4 Ba3 18. Bg5 Bg4 19. Bxf6 Qxf6 20. Qxf6 gxf6 21. f3 Bf5 22. Rd2 Bb4 23. Rb2 b5 24. a3 Bf8 25. Nc5 Bxc5 26. dxc5 Re3 27. g4 Bd7 28. Rc1 Rae8 29. Kf2 Kg7 30. Rcc2 f5 31. h3 f4 32. a4 b4 33. a5 Rb8 34. Rd2 Rc3 35. Rd4 Rxc5 36. Rxf4 Rxa5 37. e4 d4 38. Bf1 Be6 39. Bd3 f6 40. h4 h6 41. Ke1 Rc5 42. Kd2 Rc3 43. Bc2 a5 44. Bd1 Rb5 45. Ke1 Rbc5 46. Rd2 d3 47. Rb2 Re5 48. Kd2 c5 49. Rb1 c4 50. bxc4 Bxc4 51. Ba4 Ra3 52. Rc1 Bf7 53. Bc6 b3 54. Rb1 Rc5 55. Bd5 Bxd5 56. exd5 Rxd5 57. Rc4 Rd7 58. Rb2 a4 59. Rc3 Ra1 60. Rxd3 Rd1+ 61. Kxd1 Rxd3+ 62. Kc1 a3 63. Re2 b2+ 64. Kc2 Rd1 65. Re7+ Kf8 66. Rb7 Rc1+ 0-1

[Event "2nd Gujarat Open 2019"]
[Site "Ahmedabad, Gujarat"]
[Date "2019.09.26"]
[Round "7.15"]
[White "Patil, Pratik"]
[Black "Siddharth, Jagadeesh"]
[Result "1-0"]
[ECO "B15"]
[WhiteElo "2187"]
[BlackElo "2362"]
[Annotator "NA"]
[PlyCount "85"]
[EventDate "2019.09.22"]
[EventType "swiss"]
[EventCountry "IND"]
[SourceTitle "playchess.com"]
[Source "ChessBase"]
[SourceQuality "1"]
[TimeControl "5400+30"]

1. e4 c6 2. d4 d5 3. Nd2 dxe4 4. Nxe4 Nf6 5. Nxf6+ exf6 6. c3 Bd6 7. Bd3 O-O 8. Qc2 Re8+ 9. Ne2 h5 10. Be3 Nd7 11. O-O-O Nf8 12. Kb1 Be6 13. h3 Bd5 14. Rdg1 b5 15. Nf4 Bxf4 16. Bxf4 Ng6 17. Bd2 Qd6 18. f3 Nf4 19. Bxf4 Qxf4 20. Re1 Kf8 21. Qf2 h4 22. Rxe8+ Rxe8 23. Re1 g5 24. Rxe8+ Kxe8 25. Kc2 a5 26. b3 Be6 27. Be4 Kd7 28. Qd2 Qd6 29. Qd3 Qh2 30. Qd2 Kd6 31. c4 bxc4 32. bxc4 Bxc4 33. Qxa5 Kd7 34. Qa7+ Qc7 35. Bf5+ Kd8 36. Qc5 Qf4 37. Qf8+ Kc7 38. Qe7+ Kb8 39. Qd8+ Ka7 40. Bc8 Bb5 41. Qe7+ Kb6 42. Qb7+ Ka5 43. Qa7+ 1-0

[Event "2nd Gujarat Open 2019"]
[Site "Ahmedabad, Gujarat"]
[Date "2019.09.26"]
[Round "7.16"]
[White "Nitin, S.."]
[Black "Anadkat Kartavya"]
[Result "1-0"]
[ECO "A05"]
[WhiteElo "2361"]
[BlackElo "2088"]
[Annotator "NA"]
[PlyCount "79"]
[EventDate "2019.09.22"]
[EventType "swiss"]
[EventCountry "IND"]
[SourceTitle "playchess.com"]
[Source "ChessBase"]
[SourceQuality "1"]
[TimeControl "5400+30"]

1. Nf3 Nf6 2. b3 g6 3. Bb2 Bg7 4. g3 O-O 5. Bg2 d6 6. d4 c6 7. O-O Bf5 8. Nh4 Be6 9. e4 d5 10. e5 Ne8 11. Qe2 Nc7 12. f4 f5 13. exf6 exf6 14. f5 Bf7 15. Nd2 g5 16. Nhf3 Re8 17. Qf2 Nba6 18. a4 h5 19. Rae1 Qd7 20. Ne5 fxe5 21. dxe5 Rf8 22. Qe3 Qd8 23. h4 g4 24. f6 Bh8 25. Qg5+ Kh7 26. e6 Rg8 27. Qf5+ Bg6 28. Qf4 Qc8 29. Bc1 Qf8 30. f7 Bg7 31. Ne4 dxe4 32. Bxe4 Qc5+ 33. Be3 Qe5 34. fxg8=Q+ Rxg8 35. Bxg6+ Kxg6 36. Qf7+ Kh7 37. Bf2 Qa5 38. Bd4 Qd5 39. c3 Kh8 40. Rf6 1-0

[Event "2nd Gujarat Open 2019"]
[Site "Ahmedabad, Gujarat"]
[Date "2019.09.26"]
[Round "7.17"]
[White "Rathnakaran, K.."]
[Black "Kiran, Manisha Mohanty"]
[Result "1/2-1/2"]
[ECO "B50"]
[WhiteElo "2325"]
[BlackElo "2102"]
[Annotator "NA"]
[PlyCount "80"]
[EventDate "2019.09.22"]
[EventType "swiss"]
[EventCountry "IND"]
[SourceTitle "playchess.com"]
[Source "ChessBase"]
[SourceQuality "1"]
[TimeControl "5400+30"]

1. e4 c5 2. Nf3 d6 3. c3 Nf6 4. Be2 Nbd7 5. d3 b6 6. a4 Bb7 7. Nbd2 e6 8. O-O Be7 9. a5 Rc8 10. Qb3 O-O 11. Re1 Re8 12. h3 Qc7 13. Bf1 Ne5 14. Nxe5 dxe5 15. Nc4 Nd7 16. Re3 Bg5 17. Rf3 Bxc1 18. Rxc1 Ba6 19. axb6 Bxc4 20. dxc4 axb6 21. Bd3 Nf8 22. Bc2 Red8 23. h4 Rd2 24. h5 h6 25. Re3 Rcd8 26. Bd1 R8d3 27. Rxd3 Rxd3 28. Ra1 Qd8 29. g3 Nh7 30. Be2 Rd2 31. Kf1 Nf6 32. Qb5 Kh7 33. Qc6 Rxb2 34. Rd1 Rd2 35. Rxd2 Qxd2 36. Qb7 Qd7 37. Qa8 Qe8 38. Qb7 Qd7 39. Qa8 Qe8 40. Qb7 Qd7 1/2-1/2

[Event "2nd Gujarat Open 2019"]
[Site "Ahmedabad, Gujarat"]
[Date "2019.09.26"]
[Round "7.18"]
[White "Srihari L R"]
[Black "Barath Kalyan M"]
[Result "1-0"]
[ECO "E11"]
[WhiteElo "2283"]
[BlackElo "2092"]
[Annotator "NA"]
[PlyCount "99"]
[EventDate "2019.09.22"]
[EventType "swiss"]
[EventCountry "IND"]
[SourceTitle "playchess.com"]
[Source "ChessBase"]
[SourceQuality "1"]
[TimeControl "5400+30"]

1. d4 Nf6 2. c4 e6 3. Nf3 Bb4+ 4. Bd2 a5 5. g3 b6 6. Bg2 Bb7 7. O-O Bxd2 8. Qxd2 d6 9. Nc3 Nbd7 10. Qc2 O-O 11. e4 e5 12. Rad1 Qe7 13. Nd5 Nxd5 14. cxd5 Nb8 15. Rfe1 Na6 16. a3 Bc8 17. dxe5 dxe5 18. Nd2 Bd7 19. Nc4 Nc5 20. Qc3 f6 21. b3 a4 22. b4 Nb3 23. f4 Bg4 24. Rd3 Nd4 25. Rxd4 exd4 26. Qxd4 Rad8 27. Ne3 Bd7 28. Rc1 Rc8 29. Rc2 Rfe8 30. h4 Kh8 31. Kh2 b5 32. Qc5 Qd6 33. Rc3 g6 34. Nc2 g5 35. hxg5 fxg5 36. Qd4+ Kg8 37. e5 Qh6+ 38. Kg1 Bh3 39. fxg5 Qh5 40. g4 Bxg4 41. Rg3 Bf5 42. Ne3 Qg6 43. e6 Bd3 44. Ng4 Bf5 45. Nh6+ Kf8 46. Nxf5 Kg8 47. Nh6+ Kf8 48. Qf6+ Qxf6 49. gxf6 Rb8 50. Rg8# 1-0

[Event "2nd Gujarat Open 2019"]
[Site "Ahmedabad, Gujarat"]
[Date "2019.09.26"]
[Round "7.19"]
[White "Pranav, Shetty"]
[Black "Nikhil Magizhnan"]
[Result "1/2-1/2"]
[ECO "C11"]
[WhiteElo "2124"]
[BlackElo "2251"]
[Annotator "NA"]
[PlyCount "61"]
[EventDate "2019.09.22"]
[EventType "swiss"]
[EventCountry "IND"]
[SourceTitle "playchess.com"]
[Source "ChessBase"]
[SourceQuality "1"]
[TimeControl "5400+30"]

1. e4 e6 2. d4 d5 3. Nc3 Nf6 4. e5 Nfd7 5. f4 c5 6. Nf3 a6 7. Be3 Qb6 8. a3 Nc6 9. Be2 Qa7 10. Qd2 b5 11. O-O cxd4 12. Nxd4 Bc5 13. Rad1 g5 14. g3 Bb7 15. Rfe1 gxf4 16. gxf4 Rg8+ 17. Kf2 O-O-O 18. b4 Bb6 19. a4 f6 20. exf6 Nxf6 21. axb5 Nxd4 22. Bxd4 e5 23. fxe5 Ng4+ 24. Kg2 Rdf8 25. h3 Ne3+ 26. Kh1 Rg3 27. Kh2 Rg2+ 28. Kh1 Rg3 29. Kh2 Rg2+ 30. Kh1 Rg3 31. Kh2 1/2-1/2

[Event "2nd Gujarat Open 2019"]
[Site "Ahmedabad, Gujarat"]
[Date "2019.09.26"]
[Round "7.20"]
[White "Sri Sai Baswanth P"]
[Black "Ziatdinov, Raset"]
[Result "0-1"]
[ECO "A20"]
[WhiteElo "2013"]
[BlackElo "2222"]
[Annotator "NA"]
[PlyCount "92"]
[EventDate "2019.09.22"]
[EventType "swiss"]
[EventCountry "IND"]
[SourceTitle "playchess.com"]
[Source "ChessBase"]
[SourceQuality "1"]
[TimeControl "5400+30"]

1. c4 e5 2. g3 f5 3. Nc3 Nf6 4. Bg2 Be7 5. d4 e4 6. Nh3 O-O 7. O-O Nc6 8. Nf4 Qe8 9. Nfd5 Bd8 10. Nb5 Nxd5 11. cxd5 Ne7 12. d6 cxd6 13. Nxd6 Qg6 14. Bf4 Nd5 15. Qb3 Qe6 16. Rfc1 Be7 17. Nxc8 Raxc8 18. Qxb7 Rce8 19. Bc7 f4 20. gxf4 Nxf4 21. Bxf4 Rxf4 22. Rc8 Rxc8 23. Qxc8+ Rf8 24. Qc3 d5 25. Qe3 Bd6 26. Qh3 Qf6 27. Rf1 Kh8 28. e3 Qd8 29. Rc1 h6 30. Qe6 Kh7 31. Bh3 Qg5+ 32. Qg4 Qf6 33. Rf1 Bb8 34. Kh1 Qd6 35. Qg2 g6 36. Rc1 Qa6 37. Qg4 Rf7 38. a3 Qd6 39. Qg2 h5 40. Rf1 Rf3 41. Bc8 g5 42. Bb7 g4 43. Rc1 Rh3 44. Kg1 Rxh2 45. Qg3 Qd8 46. Rc8 Qxc8 0-1

[Event "2nd Gujarat Open 2019"]
[Site "Ahmedabad, Gujarat"]
[Date "2019.09.26"]
[Round "7.21"]
[White "Gandhi, Anish"]
[Black "Liyanage, Ranindu Dilshan"]
[Result "0-1"]
[ECO "B90"]
[WhiteElo "2201"]
[BlackElo "1956"]
[Annotator "NA"]
[PlyCount "62"]
[EventDate "2019.09.22"]
[EventType "swiss"]
[EventCountry "IND"]
[SourceTitle "playchess.com"]
[Source "ChessBase"]
[SourceQuality "1"]
[TimeControl "5400+30"]

1. e4 c5 2. Nf3 d6 3. d4 cxd4 4. Nxd4 Nf6 5. Nc3 a6 6. h3 e5 7. Nb3 Be6 8. f4 Nc6 9. f5 Bxb3 10. axb3 d5 11. exd5 Nb4 12. Bg5 Be7 13. Bc4 Qb6 14. Qe2 O-O 15. O-O-O Qa5 16. Kb1 b5 17. d6 Bd8 18. Bd3 Rc8 19. h4 Nfd5 20. Nxd5 Qa2+ 21. Kc1 Nxd5 22. Bxd8 Nf4 23. Qxe5 Nxd3+ 24. Rxd3 Qa1+ 25. Kd2 Qxh1 26. Rg3 g6 27. Bf6 Qf1 28. c3 Qf2+ 29. Kc1 Rc5 30. Qd4 Qf1+ 31. Kd2 Rxf5 0-1

[Event "2nd Gujarat Open 2019"]
[Site "Ahmedabad, Gujarat"]
[Date "2019.09.26"]
[Round "7.22"]
[White "Deshmukh, Anup"]
[Black "Pandey Srishti"]
[Result "1/2-1/2"]
[ECO "A02"]
[WhiteElo "2193"]
[BlackElo "1928"]
[Annotator "NA"]
[PlyCount "136"]
[EventDate "2019.09.22"]
[EventType "swiss"]
[EventCountry "IND"]
[SourceTitle "playchess.com"]
[Source "ChessBase"]
[SourceQuality "1"]
[TimeControl "5400+30"]

1. f4 Nf6 2. Nf3 g6 3. c4 Bg7 4. Nc3 O-O 5. e4 d6 6. d4 e5 7. dxe5 dxe5 8. Qxd8 Rxd8 9. Nxe5 Nxe4 10. Nxe4 f6 11. c5 fxe5 12. Bc4+ Kf8 13. O-O Rd4 14. fxe5+ Bf5 15. Nd2 Nc6 16. Be2 Nxe5 17. Nf3 Nxf3+ 18. Bxf3 c6 19. Be3 Rd3 20. Bf2 Re8 21. Rad1 Bf6 22. b4 a6 23. a4 Red8 24. Rxd3 Bxd3 25. Rd1 Kf7 26. Be3 Bc4 27. Rxd8 Bxd8 28. Bd4 Bc7 29. Kf2 Ke7 30. h4 Bf4 31. Bc3 Kd7 32. Be4 Bc1 33. g4 Be6 34. g5 Bf7 35. Kg3 Be3 36. Kf3 Bc1 37. b5 axb5 38. axb5 Bc4 39. b6 Bb3 40. Kf2 Bf4 41. Bd4 Ke6 42. Kf3 Bh2 43. Kg4 Bd5 44. Bd3 Kf7 45. h5 Bb8 46. h6 Be6+ 47. Kh4 Bd5 48. Kg4 Be6+ 49. Kf3 Bd5+ 50. Ke2 Bh2 51. Kf2 Bf4 52. Bf6 Kg8 53. Bd8 Kf7 54. Bc7 Bxg5 55. Ba6 Be7 56. Bxb7 Bxc5+ 57. Kg3 g5 58. Bc8 Bxb6 59. Bxb6 Kg6 60. Bd4 Kxh6 61. Bf5 c5 62. Bf6 Kh5 63. Bg7 Bg8 64. Be4 c4 65. Bc2 h6 66. Bc3 Bd5 67. Bf5 Bg8 68. Bd4 Bd5 1/2-1/2

[Event "2nd Gujarat Open 2019"]
[Site "Ahmedabad, Gujarat"]
[Date "2019.09.26"]
[Round "7.23"]
[White "Alekhya Mukhopadhyay"]
[Black "Lakshmi Narayanan M V"]
[Result "0-1"]
[ECO "B61"]
[WhiteElo "1706"]
[BlackElo "2188"]
[Annotator "NA"]
[PlyCount "72"]
[EventDate "2019.09.22"]
[EventType "swiss"]
[EventCountry "IND"]
[SourceTitle "playchess.com"]
[Source "ChessBase"]
[SourceQuality "1"]
[TimeControl "5400+30"]

1. e4 c5 2. Nf3 Nc6 3. d4 cxd4 4. Nxd4 Nf6 5. Nc3 d6 6. Bg5 Bd7 7. Qd2 Rc8 8. O-O-O Nxd4 9. Qxd4 Qa5 10. Bxf6 gxf6 11. Kb1 Rg8 12. f4 f5 13. e5 e6 14. Be2 Rxg2 15. Bf3 Rg6 16. Rhe1 b5 17. Ne2 d5 18. Qd3 Bc5 19. Bh5 Rh6 20. Qh3 Kf8 21. Qh4 Qd8 22. Qh3 b4 23. Nd4 Be8 24. Rg1 Qb6 25. Qg3 Rxh5 26. Qg7+ Ke7 27. Qf6+ Kd7 28. Rg7 Kc7 29. Rxf7+ Kb8 30. Nxe6 Bxf7 31. Qxf7 Rxh2 32. Qxf5 Be7 33. Qf7 Qf2 34. Qf5 Rxc2 35. Nd4 Rxb2+ 36. Kc1 Qe3+ 0-1

[Event "2nd Gujarat Open 2019"]
[Site "Ahmedabad, Gujarat"]
[Date "2019.09.26"]
[Round "7.24"]
[White "Laxman, R.R."]
[Black "Ramakrishna, Perumalla"]
[Result "1-0"]
[ECO "A96"]
[WhiteElo "2437"]
[BlackElo "1971"]
[Annotator "NA"]
[PlyCount "79"]
[EventDate "2019.09.22"]
[EventType "swiss"]
[EventCountry "IND"]
[SourceTitle "playchess.com"]
[Source "ChessBase"]
[SourceQuality "1"]
[TimeControl "5400+30"]

1. d4 f5 2. g3 Nf6 3. Bg2 e6 4. Nf3 Be7 5. O-O O-O 6. c4 d6 7. Nc3 Ne4 8. Ne1 Nxc3 9. bxc3 c5 10. e4 Nc6 11. exf5 exf5 12. dxc5 dxc5 13. Bd5+ Kh8 14. Nd3 Bd7 15. Rb1 b6 16. Bf4 Rc8 17. h4 Bf6 18. Qc2 Re8 19. Rbe1 Rxe1 20. Rxe1 Qf8 21. Ne5 Nxe5 22. Bxe5 Bxe5 23. Rxe5 f4 24. Qe2 fxg3 25. fxg3 Re8 26. Rxe8 Qxe8 27. Qf2 h5 28. Bf7 Qf8 29. Bxh5 Qd6 30. Bf3 Qe5 31. Bd5 Be6 32. Qf8+ Kh7 33. Qf3 b5 34. Bxe6 Qxe6 35. Qh5+ Kg8 36. Qd5 Qxd5 37. cxd5 Kf7 38. g4 Kf6 39. g5+ Kf5 40. d6 1-0

[Event "2nd Gujarat Open 2019"]
[Site "Ahmedabad, Gujarat"]
[Date "2019.09.26"]
[Round "7.25"]
[White "Alan Diviya Raj"]
[Black "Vlassov, Nikolai"]
[Result "0-1"]
[ECO "B24"]
[WhiteElo "1943"]
[BlackElo "2384"]
[Annotator "NA"]
[PlyCount "58"]
[EventDate "2019.09.22"]
[EventType "swiss"]
[EventCountry "IND"]
[SourceTitle "playchess.com"]
[Source "ChessBase"]
[SourceQuality "1"]
[TimeControl "5400+30"]

1. e4 c5 2. Nc3 Nc6 3. Nf3 g6 4. g3 Bg7 5. Bg2 d6 6. O-O e5 7. d3 Nge7 8. Re1 O-O 9. Nd2 f5 10. exf5 gxf5 11. Nf1 Be6 12. Ne2 Qd7 13. c3 f4 14. f3 fxg3 15. hxg3 Bd5 16. Nh2 Rf7 17. Be3 Raf8 18. Bf2 Nf5 19. Bh3 Qd8 20. Bg2 Bh6 21. Ng4 Bg5 22. d4 h5 23. dxe5 hxg4 24. Qxd5 Ne3 25. Bxe3 Bxe3+ 26. Kh2 Kg7 27. Qe4 Rh8+ 28. Bh3 Rxh3+ 29. Kg2 Rh2+ 0-1